 Dungeon Crawl Stone Soup version 0.27-a0-1434-g6f15984924 (webtiles) character file.

Game seed: 10253714245074994187

0 Gargoyl the Skirmisher (level 1, -3/23 HPs)
             Began as a Gnoll Abyssal Knight on July 3, 2021.
             Was a Follower of Lugonu.
             Slain by a neqoxec (4 damage)
             ... on level 3 of the Abyss.
             The game lasted 00:00:29 (234 turns).

Gargoyl the Skirmisher (Gnoll Abyssal Knight)        Turns: 234, Time: 00:00:29

Health: -3/23      AC:  3    Str: 11    XL:     1   Next: 0%
Magic:  3/3        EV: 11    Int: 11    God:    Lugonu [*.....]
Gold:   16         SH:  0    Dex: 11    Spells: 0/0 levels left

rFire    . . .     SeeInvis .   a - +1 hand axe
rCold    . . .     Faith    .   (no shield)
rNeg     . . .     Spirit   .   b - +0 leather armour
rPois    .         Reflect  .   (no helmet)
rElec    .         Harm     .   (no cloak)
rCorr    .         Rampage  .   (no gloves)
Will     .....                  (no boots)
Stlth    +.........             (no amulet)
HPRegen  0.00/turn              (no ring)
MPRegen  0.08/turn              (no ring)

@: mildly diseased
A: fangs 1, strong nose, distributed training
a: Renounce Religion, Depart the Abyss


You were on level 3 of the Abyss.
You worshipped Lugonu.
Lugonu was aware of your devotion.
You visited 0 branches of the dungeon, and saw 0 of its levels.
You visited the Abyss 1 time.

You collected 16 gold pieces.

Inventory:

Hand Weapons
 a - a +1 hand axe (weapon)
Armour
 b - a +0 leather armour (worn)
 c - a +0 scale mail


   Skills:
 + Level 6.4 Fighting
 + Level 0.0 Short Blades
 + Level 0.0 Long Blades
 + Level 4.4 Axes
 + Level 0.0 Maces & Flails
 + Level 0.0 Polearms
 + Level 0.0 Staves
 + Level 0.0 Slings
 + Level 0.0 Bows
 + Level 0.0 Crossbows
 + Level 0.0 Throwing
 + Level 4.4 Armour
 + Level 2.3 Dodging
 + Level 0.0 Stealth
 + Level 0.0 Shields
 + Level 0.0 Unarmed Combat
 + Level 0.0 Spellcasting
 + Level 0.0 Conjurations
 + Level 0.0 Hexes
 + Level 0.0 Summonings
 + Level 0.0 Necromancy
 + Level 0.0 Translocations
 + Level 0.0 Transmutations
 + Level 0.0 Fire Magic
 + Level 0.0 Ice Magic
 + Level 0.0 Air Magic
 + Level 0.0 Earth Magic
 + Level 0.0 Poison Magic
 + Level 4.4 Invocations
 + Level 0.0 Evocations


You couldn't memorise any spells.
You didn't know any spells.
Your spell library was empty.

Dungeon Overview and Level Annotations

Branches:
Dungeon (0/15)

Altars:


Innate Abilities, Weirdness & Mutations

You have very sharp teeth.
Your uncanny sense of smell can sniff out nearby items.
Your experience applies equally to all skills.


Message History

c - a scroll labelled EGINAZ LUWKERGH The starspawn tentacle loses its grip on you.
The tentacle pulls you backwards! The starspawn tentacle grabs you.
The starspawn tentacle constricts you.
As you read the scroll labelled EGINAZ LUWKERGH, it crumbles to dust.
You feel strangely unstable.
You feel the power of the Abyss delaying your translocation!
It was a scroll of teleportation.
The starspawn tentacle loses its grip on you.
The tentacle pulls you backwards!
You feel ill.
Unknown command.
Tentacles burst from the starspawn's body! 2 starspawn tentacles come into view.
You feel ill. The starspawn tentacle grabs you.
The starspawn tentacle constricts you.
You escape the starspawn tentacle's grasp.
The starspawn tentacle barely misses you.
You are suddenly pulled into a different region of the Abyss!
You feel your willpower return.
You are suddenly pulled into a different region of the Abyss!
A neqoxec assembles itself!
A neqoxec is nearby!
The neqoxec shouts!
Found a scale mail.
You see here a +0 scale mail.
c - a +0 scale mail The neqoxec gestures at you.
Something tries to feed on your intellect!
The neqoxec closely misses you.
You slash the neqoxec!
The neqoxec is moderately wounded.
The neqoxec hits you.
You closely miss the neqoxec.
The neqoxec is moderately wounded.
The neqoxec hits you!
* * * LOW HITPOINT WARNING * * *
You hit the neqoxec.
The neqoxec is moderately wounded.
The neqoxec hits you.
You die...

∆ ∆ ∆∆ ∆ ∆ ∆ ∆
∆ ###### .#
###..3@# #.
##...##.#.. .
## ###.......#
# . #.#...
###.# ...
#.....## # ##
##..#...#
#.......##..##
#..# #### #.#
....###...#.
###


You could see a neqoxec.

Vanquished Creatures (others)
  4 starspawn tentacles (Abyss:3)
4 creatures vanquished.

Notes
Turn   | Place    | Note
-------+----------+-------------------------------------------
     0 | Abyss:1  | Gargoyl the Gnoll Abyssal Knight began the quest for the
                  | Orb.
     0 | Abyss:1  | Reached XP level 1. HP: 23/23 MP: 3/3
   107 | Abyss:3  | Noticed a tentacled starspawn
   107 | Abyss:3  | Noticed an ancient zyme
   108 | Abyss:3  | Found a corrupted altar of Lugonu.
   218 | Abyss:3  | Noticed a neqoxec
   233 | Abyss:3  | HP: 1/23 [neqoxec (7)]
   234 | Abyss:3  | Slain by a neqoxec

Illustrated notes

Levels and vault maps discovered:
Abyss:3:  base: Temple, hangedman_abyss_monster_moat,
          nicolae_abyss_rune_star_stuff, evilmike_abyss_exit_16,
          onia_ninara_dug_in_and_dangerous, hangedman_decor_points,
          hangedman_abyss_or_decor_stagger, hangedman_summoners_spam,
          evilmike_nicolae_abyss_rune_betentacled_crabyss

Action                   || total
-------------------------++-------
Melee: Hand axe          ||     3
  Use: Scroll            ||     2
Dodge: Dodged            ||     2

Table legend: (Time is in decaauts)
 A = Elapsed time spent in this place.
 B = Non-inter-level travel time spent in this place.
 C = Inter-level travel time spent in this place.
 D = Time resting spent in this place.
 E = Time spent auto-exploring this place.
 F = Levels seen in this place.
 G = Mean time per level.
                   A        B        C        D        E       F      G
               +--------+--------+--------+--------+--------+-----+--------+
         Total |    241 |    241 |      0 |      0 |    166 |   3 |   80.3 |
         Abyss |    241 |    241 |      0 |      0 |    166 |   3 |   80.3 |
               +--------+--------+--------+--------+--------+-----+--------+

Top non-repeatable levels by time:
 Abyss:3: 128 daAuts
 Abyss:1: 90 daAuts
 Abyss:2: 22 daAuts
